 Dungeon Crawl Stone Soup version 0.32-a0-711-g016ad74 (webtiles) character file.

Game seed: 17150875823932701206

1458 PidgeyThePirate the Skirmisher (level 8, 0/91 HPs)
             Began as a Coglin Hunter on Mar 15, 2024.
             Was a Follower of Okawaru.
             Succumbed to a killer bee's poison
             ... on level 7 of the Dungeon.
             The game lasted 00:11:56 (5587 turns).

PidgeyThePirate the Skirmisher (Coglin Hunter)      Turns: 5587, Time: 00:11:57

Health: 0/91       AC:  6    Str: 14    XL:     8   Next: 76%
Magic:  8/8        EV: 11    Int:  9    God:    Okawaru [*.....]
Gold:   303        SH:  0    Dex: 17    Spells: 7/7 levels left

rFire   . . .        a - +2 sling {Charoen}
rCold   . . .        d - +0 sling {Xiang}
rNeg    . . .        c - +0 leather armour
rPois   .            e - +0 helmet
rElec   .            r - +0 cloak
rCorr   .            (no gloves)
SInv    .            p - +0 pair of boots
Will    .....        (amulet unavailable) Stlth
                     (ring unavailable)
HPRegen 0.35/turn    (ring unavailable)
MPRegen 0.11/turn    (no gizmo)

%: no passive effects
@: berserking, lethally poisoned (0 -> -7), revving, very quick
A: off-hand wielding, slow wielding, warmup strikes, no jewellery
a: Invent Gizmo, Renounce Religion, Heroism


You were on level 7 of the Dungeon.
You worshipped Okawaru.
Okawaru was aware of your devotion.
You visited 2 branches of the dungeon, and saw 8 of its levels.

You collected 303 gold pieces.

Inventory:

Hand Weapons
 a - a +2 sling (weapon) {Charoen}
 d - a +0 sling (offhand) {Xiang}
 g - a +1 heavy hand cannon
Missiles
 x - a throwing net
Armour
 c - a +0 leather armour (worn)
 e - a +0 helmet (worn)
 p - a +0 pair of boots (worn)
 r - a +0 cloak (worn)
Wands
 s - a wand of iceblast (10)
Scrolls
 b - a scroll of butterflies
 f - a scroll of vulnerability
 i - a scroll of immolation {unknown}
 j - a scroll of silence {unknown}
 l - 5 scrolls of teleportation
 n - 2 scrolls of revelation
 o - a scroll of torment {unknown}
 t - 2 scrolls of blinking {unknown}
 y - a scroll of amnesia {unknown}
Potions
 h - a potion of lignification
 q - a potion of might {unknown}
 u - a potion of invisibility
 z - a potion of attraction {unknown}
 A - a potion of enlightenment {unknown}
 B - a potion of curing {unknown}


   Skills:
 + Level 4.5 Fighting
 + Level 9.0 Ranged Weapons
 + Level 2.4 Armour
 + Level 2.3 Dodging
 + Level 1.1 Stealth
 + Level 0.5 Evocations


You had 7 spell levels left.
You didn't know any spells.
Your spell library contained the following spells:

 Spells                   Type           Power      Damage    Failure   Level
 Apportation              Tloc           0%         N/A       45%         1
 Necrotise                Necr           0%         1d4       45%         1
 Sting                    Conj/Alch      0%         1d3       45%         1
 Blink                    Tloc           0%         N/A       58%         2
 Lesser Beckoning         Tloc           0%         N/A       58%         2
 Momentum Strike          Conj/Tloc      0%         3d8       58%         2
 Sublimation of Blood     Necr           0%         N/A       58%         2
 Summon Small Mammal      Summ           Unusable   N/A       N/A         1
 Call Imp                 Summ           Unusable   N/A       N/A         2
 Summon Hydra             Summ           Unusable   N/A       N/A         7

Dungeon Overview and Level Annotations

Branches:
Dungeon (7/15)             Temple (1/1) D:5

Altars:
Cheibriados
Dithmenos
Elyvilon
Fedhas
Hepliaklqana
Kikubaaqudgha
Makhleb
Nemelex Xobeh
Okawaru
Qazlal
Sif Muna
Trog
Uskayaw
Wu Jian
Xom
Yredelemnul
Zin
The Shining One

Shops:
D:2 ([(   D:4 ?


Innate Abilities, Weirdness & Mutations

You can wield a second weapon in your off-hand.
It takes a long time for you to wield or remove held weapons.
Your first few attacks do less damage.
You cannot equip rings or amulets.


Message History

You are lethally poisoned!
The killer bee poisons you!
You shoot a sling bullet.
The sling bullet hits the killer bee but does no damage.
The killer bee is moderately wounded.
You shoot a sling bullet. The sling bullet hits the killer bee.
The killer bee is heavily wounded.
You feel extremely sick. The killer bee completely misses you.
You shoot a sling bullet. The sling bullet misses the killer bee.
You shoot a sling bullet.
The sling bullet closely misses the killer bee.
* * * LOW HITPOINT WARNING * * *
You feel very sick. The killer bee closely misses you.
The killer bee stings you.
* * * LOW HITPOINT WARNING * * *
You shoot a sling bullet. The sling bullet hits the killer bee!
You kill the killer bee!
Okawaru accepts your kill.
You shoot a sling bullet.
* * * LOW HITPOINT WARNING * * *
You feel very sick.
Your Ranged Weapons skill increases to level 9!
It was a potion of invisibility.
You fade into invisibility!
* * * LOW HITPOINT WARNING * * *
You feel very sick.
It was a potion of magic.
Magic courses through your body.
* * * LOW HITPOINT WARNING * * *
You feel very sick.
It was a potion of cancellation.
Your magical effects are unravelling.
You feel magically purged.
You flicker back into view.
* * * LOW HITPOINT WARNING * * *
You feel sick.
It was a potion of berserk rage.
A red film seems to cover your vision as you go berserk!
You feel yourself moving faster!
You feel mighty!
You die...

...# ...# #
##../# #. .....#
#. #....#
####:##....#
#.....(....#####
#.##.(..........
.##.#@†..[...#
#........?....##
####.#..<.......
#.##.....#.## #
#.......#
##......#
#........
.........
......###


There were no monsters in sight!

Vanquished Creatures
  A water moccasin (D:7)
  An ice beast (D:6)
  2 black bears
  An ogre (D:2)
  A centaur (D:5)
  A kobold brigand (D:6)
  A gnoll sergeant (D:6)
  2 scorpions
  4 killer bees
  A howler monkey (D:6)
  4 hounds
  A jelly (D:3)
  3 iguanas
  2 orc wizards (D:6)
  4 adders
  6 gnolls
  A shadow imp (D:5)
  2 white imps
  2 dart slugs
  A ribbon worm (D:2)
  2 orcs
  5 endoplasms
  2 giant cockroaches (D:4)
  7 goblins
  7 hobgoblins
  3 jackals (D:5)
  3 quokkas (D:1)
  7 ball pythons
  3 bats (D:1)
  5 frilled lizards
  12 kobolds
97 creatures vanquished.

Notes
Turn   | Place    | Note
-------+----------+-------------------------------------------
     0 | D:1      | PidgeyThePirate the Coglin Hunter began the quest for the
                  | Orb.
     0 | D:1      | Reached XP level 1. HP: 16/16 MP: 1/1
   118 | D:1      | Reached XP level 2. HP: 22/22 MP: 2/2
   170 | D:1      | Reached skill level 4 in Ranged Weapons
   504 | D:1      | Reached XP level 3. HP: 27/27 MP: 3/3
  1017 | D:2      | Found Tirchixipt's Armour Emporium.
  1172 | D:2      | Found Xoforgh's Weapon Emporium.
  1271 | D:2      | Noticed an ogre
  1277 | D:2      | Killed an ogre
  1278 | D:2      | Reached skill level 5 in Ranged Weapons
  1278 | D:2      | Reached XP level 4. HP: 7/34 MP: 4/4
  1278 | D:2      | Reached XP level 5. HP: 8/39 MP: 5/5
  1681 | D:2      | Found Tebeten's Weapon Shop.
  1751 | D:3      | Found a faded altar of an unknown god.
  1752 | D:3      | Found the ring of the Mage {Wiz Archmagi}
  2137 | D:3      | Found a glowing golden altar of the Shining One.
  2187 | D:3      | Found a shimmering blue altar of Sif Muna.
  2457 | D:4      | Reached skill level 1 in Armour
  2459 | D:4      | Reached XP level 6. HP: 35/46 MP: 6/6
  2556 | D:4      | Reached skill level 6 in Ranged Weapons
  2667 | D:4      | Found Leuc's Magic Scroll Shop.
  3102 | D:5      | Entered Level 5 of the Dungeon
  3108 | D:5      | Found a staircase to the Ecumenical Temple.
  3109 | D:5      | Noticed a black bear
  3124 | D:5      | Killed a black bear
  3142 | Temple   | Entered the Ecumenical Temple
  3242 | D:5      | Reached XP level 7. HP: 52/52 MP: 7/7
  3441 | D:5      | Reached skill level 7 in Ranged Weapons
  3494 | D:5      | Found an iron altar of Okawaru.
  3495 | D:5      | Found a hazy altar of Hepliaklqana.
  3497 | D:5      | Found a shimmering altar of Xom.
  3585 | D:5      | Became a worshipper of Warmaster Okawaru
  4119 | D:6      | Identified a scroll of acquirement
  4120 | D:6      | Acquired a +1 heavy hand cannon
  4236 | D:6      | Reached skill level 1 in Stealth
  4381 | D:6      | Reached XP level 8. HP: 40/59 MP: 8/8
  4582 | D:6      | Reached * piety under Okawaru
  4583 | D:6      | Reached skill level 8 in Ranged Weapons
  5419 | D:6      | HP: 3/91 [killer bee (3)]
  5584 | D:7      | Reached skill level 9 in Ranged Weapons
  5585 | D:7      | HP: 3/61 [poisoned by a killer bee]
  5586 | D:7      | HP: 1/61 [poisoned by a killer bee]
  5587 | D:7      | Succumbed to a killer bee's poison

Illustrated notes

Levels and vault maps discovered:
D:1:      lightli_arrival_lavapool, layout_loops_corners
D:2:      layout_loops_cross, serial_shops, nicolae_shop_bloodbath_and_beyond,
          shop, nicolae_shop_real_fake_doors, solitary_fountain
D:3:      layout_basic, nicolae_sif_muna_little_library, tso_oasis_becter,
          nicolae_ecumenical_oubliette
D:4:      layout_loops_ring, serial_shops, nicolae_shop_pleasant_corner_grove
D:5:      layout_loops_ring, gammafunk_temple_overflow_forgotten,
          temple_fountains
D:6:      layout_basic, roderic_lattice_a
D:7:      layout_loops_cross, nicolae_ashenzari_panopticon,
          nicolae_gozag_seed_capital, hellmonk_no_cap
Temple:   nicolae_temple_bog_church

Skill      XL: |  1  2  3  4  5  6  7  8 |
---------------+-------------------------+-----
Ranged Weapons | 4 5 6 7 9 |  9.0
Armour         | 1 2 |  2.4
Fighting       | 3 4 |  4.5
Dodging        | 2 |  2.3
Stealth        | 1 |  1.1
Evocations     | |  0.5

Action                     |  1- 3 |  4- 6 |  7- 9 || total
---------------------------+-------+-------+-------++-------
   Fire: Sling             |   150 |   190 |   306 ||   646
  Evoke: Wand              |       |       |     4 ||     4
    Use: Scroll            |       |     2 |     3 ||     5
         Potion            |       |       |     7 ||     7
 Armour: Leather armour    |    11 |    45 |    99 ||   155
         Skin              |       |       |    19 ||    19
  Dodge: Dodged            |    15 |    24 |    83 ||   122

Table legend: (Time is in decaauts)
 A = Elapsed time spent in this place.
 B = Non-inter-level travel time spent in this place.
 C = Inter-level travel time spent in this place.
 D = Time resting spent in this place.
 E = Time spent auto-exploring this place.
 F = Levels seen in this place.
 G = Mean time per level.
                   A        B        C        D        E       F      G
               +--------+--------+--------+--------+--------+-----+--------+
         Total |   5627 |   5092 |    535 |      0 |   4281 |   8 |  703.4 |
       Dungeon |   5593 |   5090 |    503 |      0 |   4281 |   7 |  799.0 |
        Temple |     34 |      2 |     32 |      0 |      0 |   1 |   34.0 |
               +--------+--------+--------+--------+--------+-----+--------+

Top non-repeatable levels by time:
     D:6: 1625 daAuts
     D:1: 1030 daAuts
     D:5: 785 daAuts
     D:4: 754 daAuts
     D:2: 717 daAuts
     D:3: 626 daAuts
     D:7: 53 daAuts
  Temple: 34 daAuts
